Map: Lightshade LE

Players

HeroMarine - Winner!

  • Race: Terran Terran

sOs

  • Race: Protoss Protoss

Event: DreamHack SC2 Masters 2021 Fall

VOD

Have the link to the VOD?

Description

Time

  • Played on: Sept. 7, 2021, 1:05 p.m.
  • Length: 10:54

All games in this series

Show
View Real Time Build Order
Export as new Build Order

HeroMarine Terran - Winner!

Build Orders:  

Get SALT Encoding   

  12  0:00  SCV  
  13  0:12  SCV  
  14  0:17  Supply Depot  
  14  0:24  SCV  
  15  0:38  SCV  
  16  0:44  Barracks  
  16  0:46  Refinery  
  16  0:50  SCV  
  17  1:02  SCV  
  18  1:15  SCV  
  18  1:30  Marine  
  18  1:31  Orbital Command  
  19  1:50  Marine  
  20  1:57  SCV, Factory  
  20  2:00  Supply Depot  
  21  2:08  Marine  
  21  2:09  Refinery, SCV  
  23  2:17  Barracks  
  23  2:22  SCV  
  24  2:26  Marine  
  25  2:34  SCV  
  26  2:37  Bunker  
  26  2:42  Factory Tech Lab  
  26  2:44  Marine  
  27  2:48  SCV  
  27  3:00  Cyclone  
  31  3:08  Marine  
  31  3:10  Supply Depot  
  31  3:19  Supply Depot  
  31  3:28  SCV  
  31  3:32  Cyclone  
  33  3:40  Marine x2  
  33  3:41  SCV  
  35  3:53  SCV  
  36  3:57  Marine  
  36  3:58  Marine  
  38  4:05  SCV  
  38  4:11  Cyclone  
  38  4:14  Starport  
  41  4:17  SCV  
  41  4:19  Marine  
  43  4:29  Marine  
  45  4:34  Supply Depot  
  45  4:37  Marine  
  45  4:40  SCV  
  45  4:44  Widow Mine  
  47  4:50  Marine  
  45  4:54  Marine  
  45  4:57  Viking  
  45  4:59  SCV  
  51  5:07  Factory Tech Lab  
  51  5:08  Marine  
  51  5:11  SCV  
  50  5:26  Marine x2  
  53  5:34  Viking  
  52  5:37  SCV  
  53  5:44  Marine x2  
  53  5:49  SCV  
  45  6:01  SCV  
  45  6:02  Marine x2  
  45  6:03  Factory  
  46  6:04  Viking  
  48  6:20  Marine x2  
  48  6:22  SCV, Supply Depot  
  48  6:25  Bunker  
  51  6:34  SCV  
  51  6:38  Marine x2  
  51  6:39  Viking  
  55  6:46  SCV  
  56  6:48  Factory Tech Lab  
  55  6:55  Marine  
  41  7:09  Marine, Siege Tank  
  41  7:15  Marine  
  42  7:20  Medivac  
  45  7:27  Marine  
  44  7:33  Marine  
  45  7:41  Siege Tank  
  47  7:45  Marine  
  47  7:50  Viking  
  47  7:51  SCV  
  51  8:03  SCV  
  51  8:04  Marine  
  51  8:07  Mag-Field Accelerator  
  50  8:13  Cyclone  
  52  8:20  Viking  
  52  8:23  Supply Depot  
  52  8:25  Marine  
  55  8:30  SCV  
  56  8:43  Marine  
  56  8:45  Cyclone  
  61  8:52  Viking  
  63  8:57  Engineering Bay  
  63  9:01  Marine  
  63  9:10  SCV  
  62  9:18  Marine, Siege Tank  
  64  9:24  Supply Depot  
  64  9:30  Missile Turret  
  62  9:31  Starport Tech Lab  
  62  9:36  Marine  
  63  9:50  Siege Tank  
  64  10:00  Marine  
  65  10:07  Raven  
  65  10:10  Supply Depot  
  67  10:17  Marine  
  68  10:23  SCV  
  69  10:35  Marine  
Show
View Real Time Build Order
Export as new Build Order

sOs Protoss 

Build Orders: Proxy Void Ray 

Get SALT Encoding   

  12  0:00  Probe  
  13  0:13  Probe  
  14  0:18  Pylon  
  14  0:25  Probe (Chrono Boost)  
  15  0:38  Probe (Chrono Boost)  
  15  0:39  Gateway  
  16  0:44  Probe (Chrono Boost)  
  16  0:49  Assimilator  
  17  0:52  Probe  
  19  1:04  Probe  
  19  1:05  Assimilator  
  19  1:16  Probe  
  20  1:26  Zealot  
  20  1:27  Cybernetics Core  
  20  1:29  Probe  
  23  1:34  Pylon  
  23  1:41  Pylon  
  23  1:52  Probe  
  24  2:01  Adept (Chrono Boost)  
  24  2:05  Stargate  
  24  2:06  Probe  
  26  2:14  Shield Battery  
  26  2:17  Warp Gate  
  26  2:22  Probe  
  27  2:27  Adept  
  29  2:34  Probe  
  30  2:40  Void Ray (Chrono Boost)  
  34  2:54  Pylon  
  32  3:07  Void Ray (Chrono Boost)  
  32  3:12  Shield Battery  
  32  3:14  Shield Battery  
  36  3:36  Pylon  
  36  3:44  Shield Battery  
  36  3:49  Void Ray (Chrono Boost)  
  40  4:09  Gateway  
  40  4:10  Adept  
  40  4:12  Shield Battery  
  42  4:23  Shield Battery, Void Ray (Chrono Boost)  
  46  4:34  Shield Battery  
  46  4:44  Adept  
  44  4:53  Shield Battery  
  44  4:55  Shield Battery  
  44  5:05  Adept  
  46  5:10  Shield Battery  
  45  5:15  Void Ray  
  43  5:36  Adept x2  
  43  5:39  Pylon  
  47  5:52  Void Ray (Chrono Boost)  
  47  6:02  Adept x2  
  53  6:05  Pylon  
  51  6:22  Adept x2  
  55  6:28  Void Ray (Chrono Boost)  
  59  6:46  Pylon  
  59  6:47  Adept x2  
  59  7:00  Void Ray (Chrono Boost)  
  47  7:06  Shield Battery  
  41  7:14  Stalker  
  37  7:23  Stalker  
  39  7:32  Pylon  
  39  7:47  Stalker x2  
  43  7:53  Shield Battery  
  43  8:18  Nexus  
  43  8:22  Sentry  
  44  8:33  Probe  
  45  8:34  Sentry  
  47  8:52  Probe  
  48  8:58  Zealot x2  
  52  9:06  Probe  
  53  9:20  Zealot x2  
  57  9:31  Phoenix (Chrono Boost), Probe  
  56  9:41  Stalker  
  58  9:56  Zealot  
  60  10:01  Gateway  
  60  10:07  Gateway  
  60  10:11  Zealot  
  62  10:18  Pylon  
  62  10:23  Gateway  
  54  10:38  Zealot  
  54  10:40  Shield Battery  

Tags
 
Add a new tag
Caveats
  • Supply blocks, unpowered buildings, or Contaminate may cause inaccurate times.
  • Supply counts are checked every 10 seconds.